 Dungeon Crawl Stone Soup version 0.27-a0-797-g27d10ad80f (webtiles) character file.

Game seed: 12462071305364807824

59 polve the Slasher (level 3, -3/29 HPs)
             Began as a Demonspawn Abyssal Knight on Mar 27, 2021.
             Was a Believer of Lugonu.
             Slain by a gnoll
             ... wielding a +0 spear
              (5 damage)
             ... on level 2 of the Dungeon.
             The game lasted 00:00:59 (1787 turns).

polve the Slasher (Demonspawn Abyssal Knight)       Turns: 1787, Time: 00:00:59

Health: -3/29      AC:  3    Str: 12    XL:     3   Next: 78%
Magic:  4/4        EV: 11    Int: 14    God:    Lugonu [**....]
Gold:   55         SH:  4    Dex: 12    Spells: 2/3 levels left

rFire    . . .     SeeInvis .   a - +1 falchion
rCold    . . .     Faith    .   (no shield)
rNeg     + . .     Spirit   .   b - +0 leather armour
rPois    .         Reflect  .   (no helmet)
rElec    .         Harm     .   (no cloak)
rCorr    .         Rampage  .   (no gloves)
Will     .....                  (no boots)
Stlth    +.........             i - amulet of magic regeneration
HPRegen  0.09/turn              k - ring of positive energy
MPRegen  0.34/turn              (no ring)

@: no status effects
A: talons 1, condensation shield
a: Renounce Religion, Depart the Abyss, Bend Space


You were on level 2 of the Dungeon.
You worshipped Lugonu.
Lugonu was pleased with you.
You visited 1 branch of the dungeon, and saw 2 of its levels.
You visited the Abyss 1 time.

You collected 55 gold pieces.

Inventory:

Hand Weapons
 a - a +1 falchion (weapon)
Armour
 b - a +0 leather armour (worn)
Jewellery
 i - an amulet of magic regeneration (around neck)
 k - a ring of positive energy (left hand)
Scrolls
 c - 2 scrolls of identify {unknown}
 d - a scroll of blinking {unknown}
 f - a scroll of teleportation {unknown}
 h - a scroll of fear {unknown}
Potions
 e - a potion of invisibility {unknown}
 g - a potion of curing {unknown}
 j - a potion of ambrosia {unknown}
 l - a potion of might {unknown}


   Skills:
 - Level 3.0 Fighting
 - Level 3.5 Long Blades
 - Level 1.7 Armour
 - Level 0.8 Dodging
 + Level 0.5 Spellcasting
 + Level 0.7 Conjurations
 - Level 2.4 Invocations


You had 2 spell levels left.
You knew the following spells:

 Your Spells              Type           Power      Damage    Failure   Level
a - Magic Dart            Conj           8%         1d3       26%         1

Your spell library contained the following spells:

 Spells                   Type           Power      Damage    Failure   Level
 Blink                    Tloc           N/A        N/A       47%         2
 Call Imp                 Summ           0%         N/A       47%         2
 Slow                     Hex            0%         N/A       47%         2
 Conjure Flame            Conj/Fire      1%         6-21      65%         3
 Mephitic Cloud           Conj/Pois/Air  1%         N/A       67%         3


Dungeon Overview and Level Annotations

Branches:
Dungeon (2/15)

Altars:


Innate Abilities, Weirdness & Mutations

You have sharp toenails.
A meltable shield of frost defends you. (SH +4)


Message History

Lugonu accepts your kill.
You can now bend space around yourself.
The jackal barely misses you.
You riposte.
You hit the jackal. You claw the jackal.
You kill the jackal!
Lugonu accepts your kill.
The gnoll hits you from afar with a +0 spear.
The gnoll barely misses you.
You barely miss the gnoll. You claw the gnoll, but do no damage.
You block the gnoll's attack.
Casting: Magic Dart (safe; 26% risk of failure)
Confirm with . or Enter, or press ? or * to list all spells.
Aiming: Magic Dart (safe; 26% risk of failure)
Press: ? - help, Shift-Dir - straight line, f - gnoll
Aim: a gnoll, wielding a +0 spear (0% to evade)
You miscast Magic Dart.
You are very lightly contaminated with residual magic.
Nothing appears to happen.
The gnoll closely misses you.
You hit the gnoll.
The gnoll is moderately wounded.
The gnoll hits you with a +0 spear.
You hit the gnoll. You claw the gnoll.
The gnoll is almost dead.
The gnoll barely misses you.
You hit the gnoll but do no damage. Your kick misses the gnoll.
The gnoll is almost dead.
The gnoll hits you with a +0 spear. x2
You closely miss the gnoll. You claw the gnoll, but do no damage.
The gnoll is almost dead.
The gnoll hits you with a +0 spear!
* * * LOW HITPOINT WARNING * * *
You closely miss the gnoll.
The gnoll is almost dead.
The gnoll hits you with a +0 spear.
* * * LOW HITPOINT WARNING * * *
You hit the gnoll but do no damage. Your kick misses the gnoll.
The gnoll is almost dead.
The gnoll barely misses you.
Your magical contamination has completely faded away.
The gnoll hits you from afar with a +0 spear.
You die...

### ##### .....# +...#
...... #.g.# .......
+...# .......###@#####
.........P.P...#
#####...............##
....#............####
....##..........##
....#..........##
....#..........#
..............##
..............#


You could see a gnoll.

Vanquished Creatures
  An adder (D:2)
  3 dart slugs
  2 bats (D:1)
  7 endoplasms
  2 giant cockroaches
  2 goblins (D:1)
  3 hobgoblins (D:1)
  7 jackals
  4 kobolds
  3 ball pythons
  2 frilled lizards (D:1)
  2 rats
38 creatures vanquished.

Notes
Turn   | Place    | Note
-------+----------+-------------------------------------------
     0 | Abyss:1  | polve the Demonspawn Abyssal Knight began the quest for the
                  | Orb.
     0 | Abyss:1  | Reached XP level 1. HP: 18/18 MP: 2/2
     0 | Abyss:1  | Found a corrupted altar of Lugonu.
    67 | Abyss:1  | Found a corrupted altar of Lugonu.
   146 | Abyss:1  | Found a corrupted altar of Lugonu.
   171 | Abyss:1  | Noticed a large abomination
   171 | Abyss:1  | Noticed a thrashing horror
   172 | D:1      | Escaped the Abyss
   376 | D:1      | Gained mutation: A meltable shield of frost defends you.
                  | (SH +4) [demonic ancestry]
   376 | D:1      | Reached XP level 2. HP: 24/24 MP: 3/3
   376 | D:1      | Reached * piety under Lugonu
   738 | D:1      | Gained mutation: You have sharp toenails. [demonic
                  | ancestry]
   738 | D:1      | Reached XP level 3. HP: 17/29 MP: 4/4
  1499 | D:2      | Learned a level 1 spell: Magic Dart
  1777 | D:2      | Reached ** piety under Lugonu
  1787 | D:2      | Slain by a gnoll

Illustrated notes

Levels and vault maps discovered:
D:1:      dpeg_arrival_erosion, layout_basic, minmay_pentomino_v2
D:2:      layout_rooms, gammafunk_temple_overflow_statue, cheibrodos_gnoll_hut

Skill      XL: |  1  2 |
---------------+-------+-----
Long Blades    | 2 3 |  3.5
Fighting       | |  3.0
Armour         | |  1.7
Dodging        | |  0.8
Spellcasting   | |  0.5
Conjurations   | |  0.7
Invocations    | |  2.4

Action                   || total
-------------------------++-------
Melee: Falchion          ||    84
       Kick              ||    13
 Cast: Magic Dart        ||     4
Invok: Depart the Abyss  ||     1
Armor: Leather armour    ||    18
Dodge: Dodged            ||    62
Block: Other             ||    13
       Rpst.: Falchion   ||    25

Table legend: (Time is in decaauts)
 A = Elapsed time spent in this place.
 B = Non-inter-level travel time spent in this place.
 C = Inter-level travel time spent in this place.
 D = Time resting spent in this place.
 E = Time spent auto-exploring this place.
 F = Levels seen in this place.
 G = Mean time per level.
                   A        B        C        D        E       F      G
               +--------+--------+--------+--------+--------+-----+--------+
         Total |   1798 |   1755 |     43 |      0 |   1542 |   3 |  599.3 |
       Dungeon |   1626 |   1583 |     43 |      0 |   1375 |   2 |  813.0 |
         Abyss |    172 |    172 |      0 |      0 |    167 |   1 |  172.0 |
               +--------+--------+--------+--------+--------+-----+--------+

Top non-repeatable levels by time:
     D:1: 1266 daAuts
     D:2: 360 daAuts
 Abyss:1: 172 daAuts
